 Dungeon Crawl Stone Soup version 0.31-a0-214-gb37851dbb3 (webtiles) character file.

Game seed: 10550223532592520134

74 qw the Shooter (level 4, -1/28 HPs)
             Began as a Gargoyle Hexslinger on July 1, 2023.
             Slain by a hobgoblin (4 damage)
             ... led by Robin
             ... on level 2 of the Dungeon.
             The game lasted 00:00:38 (865 turns).

qw the Shooter (Gargoyle Hexslinger)                 Turns: 865, Time: 00:00:38

Health: -1/28      AC:  5    Str: 11    XL:     4   Next: 30%
Magic:  5/5        EV: 12    Int: 14    God:
Gold:   100        SH:  5    Dex: 14    Spells: 4/5 levels left

rFire   . . .        Y - +1 sling
rCold   . . .        (no shield)
rNeg    + . .        c - +0 robe
rPois   inf          (no helmet)
rElec   +            (no cloak)
rCorr   .            (no gloves)
SInv    .            (no boots)
Will    ++...        e - amulet of reflection
Stlth   +            i - ring of willpower
HPRegen 0.24/turn    (no ring)
MPRegen 0.09/turn

%: reflection
@: no status effects
A: sickness immunity, AC +3, negative energy resistance 1, electricity
resistance, torment resistance 1, petrification resistance, strong-willed 1,
robust 1
a: no special abilities


You were on level 2 of the Dungeon.
You visited 1 branch of the dungeon, and saw 2 of its levels.

You collected 100 gold pieces.


Innate Abilities, Weirdness & Mutations

You are immune to sickness and miasma.
Your stone body is resilient. (AC +3)
You are immune to poison.
You resist negative energy. (rN+)
You are resistant to electric shocks. (rElec)
You are resistant to unholy torment.
You are immune to petrification.
You are strong-willed. (Will+)
You are robust. (+10% HP)


   Skills:
 - Level 2.0 Fighting
 + Level 4.1 Ranged Weapons
 - Level 1.5 Dodging
 - Level 1.0 Spellcasting
 - Level 2.6 Hexes


You had 4 spell levels left.
You knew the following spells:

 Your Spells              Type           Power      Damage    Failure   Level
a - Slow                  Hex            32%        N/A       9%          1

Your spell library contained the following spells:

 Spells                   Type           Power      Damage    Failure   Level
 Inner Flame              Hex/Fire       4%         N/A       41%         3
 Portal Projectile        Hex/Tloc       8%         N/A       41%         3
 Cause Fear               Hex            4%         N/A       65%         4

Inventory:

Hand Weapons
 Y - a +1 sling (weapon)
Armour
 c - a +0 robe (worn)
Jewellery
 e - an amulet of reflection (around neck)
 i - a ring of willpower (left hand)
Scrolls
 a - 4 scrolls of identify
 f - 2 scrolls of teleportation {unknown}
Potions
 b - a potion of brilliance {unknown}
 d - 2 potions of mutation
 g - a potion of invisibility {unknown}
 h - 2 potions of curing {unknown}

Dungeon Overview and Level Annotations

Branches:
Dungeon (2/15)

Altars:


Message History

You block the hobgoblin's attack. You block the goblin's attack.
The goblin hits you but does no damage.
Robin roars a battlecry!
The goblins go into a battle-frenzy!
You shoot a sling bullet. The sling bullet hits Robin.
Robin is almost dead.
You block the hobgoblin's attack. The goblin closely misses you.
You block Robin's attack.
You shoot a sling bullet. The sling bullet hits Robin.
Robin is almost dead.
You block the hobgoblin's attack. The goblin barely misses you.
The goblin closely misses you. You block Robin's attack.
The hobgoblin closely misses you. The goblin completely misses you.
The goblin hits you with a +0 club.
You shoot a sling bullet.
The sling bullet hits Robin but does no damage.
Robin is almost dead.
The goblin misses you. x2; The hobgoblin misses you.
Robin throws the goblin at you!
You shoot a sling bullet. The sling bullet closely misses Robin.
The hobgoblin closely misses you. The hobgoblin barely misses you.
The goblin misses you. You block the goblin's attack.
Robin hits you with a +0 mace.
You shoot a sling bullet. The sling bullet hits Robin.
You kill Robin!
The goblin hits you with a +0 club. The hobgoblin hits you.
The goblin closely misses you.
Your Ranged Weapons skill increases to level 4!
You shoot a sling bullet. The sling bullet hits the hobgoblin.
The hobgoblin is moderately wounded.
You block the hobgoblin's attack. The goblin closely misses you.
The hobgoblin closely misses you. The goblin closely misses you.
You shoot a sling bullet. The sling bullet hits the hobgoblin.
The hobgoblin is almost dead.
The hobgoblin no longer looks unusually strong.
The hobgoblin hits you.
The hobgoblin hits you but does no damage.
The goblin hits you but does no damage. The goblin barely misses you.
The hobgoblin hits you.
You die...

###................#
# #......#.....#.###
###.############<#
.....# #...######.
####.# ##.#........
#.########..#.#######
#..........##.#
#########....g##
#..#g@g# ......g#gg#
###.....gg...
......###.####
##..#.. .. ...#####
..# ... #.. .. ##.


You could see 5 hobgoblins and 3 goblins.

Vanquished Creatures
  Robin (D:2)
  A worm (D:2)
  3 dart slugs
  3 ball pythons
  7 bats
  5 endoplasms
  2 giant cockroaches (D:2)
  2 goblins (D:1)
  7 hobgoblins
  4 kobolds
  2 quokkas
  5 frilled lizards (D:1)
  8 rats
50 creatures vanquished.

Notes
Turn   | Place    | Note
-------+----------+-------------------------------------------
     0 | D:1      | qw the Gargoyle Hexslinger began the quest for the Orb.
     0 | D:1      | Reached XP level 1. HP: 12/12 MP: 2/2
     0 | D:1      | 0 ||| qw: Version: 0.3-a-32-g5962c71
     0 | D:1      | 0 ||| qw: Game counter: 7527
     0 | D:1      | 0 ||| qw: Melee chars always use a shield: true
     0 | D:1      | 0 ||| qw: God list: Okawaru
     0 | D:1      | 0 ||| qw: Allow faded altars: false
     0 | D:1      | 0 ||| qw: Do Orc after clearing Dungeon:15 true
     0 | D:1      | 0 ||| qw: Do second Lair branch before Depths: true
     0 | D:1      | 0 ||| qw: Lair rune preference: random
     0 | D:1      | 0 ||| qw: Goals: Normal
     0 | D:1      | 0 ||| PLANNING D:1-11
    39 | D:1      | Reached XP level 2. HP: 16/16 MP: 3/3
    67 | D:1      | Reached skill level 3 in Ranged Weapons
   242 | D:1      | Reached XP level 3. HP: 21/21 MP: 4/4
   305 | D:1      | Found a faded altar of an unknown god.
   443 | D:1      | 443 ||| UPGRADING to amulet of reflection.
   448 | D:1      | 448 ||| UPGRADING to ring of willpower.
   449 | D:1      | 449 ||| READING 2 scrolls labelled ROVEDI ALITHE.
   450 | D:1      | 450 ||| READING scroll labelled BEUPALIAHE.
   451 | D:1      | 451 ||| READING 2 scrolls labelled ISIDUTIAQO.
   452 | D:1      | 452 ||| DRINKING 3 puce potions.
   452 | D:1      | Gained mutation: You are robust. (+10% HP) [potion of
                  | mutation]
   452 | D:1      | Gained mutation: You are strong-willed. (Will+) [potion of
                  | mutation]
   459 | D:1      | 459 ||| DROPPING scroll of poison.
   460 | D:1      | 460 ||| DROPPING scroll of revelation.
   628 | D:2      | 628 ||| FLEEEEING.
   629 | D:2      | 629 ||| FLEEEEING.
   630 | D:2      | 630 ||| FLEEEEING.
   631 | D:2      | 631 ||| FLEEEEING.
   632 | D:2      | 632 ||| FLEEEEING.
   633 | D:2      | 633 ||| FLEEEEING.
   634 | D:2      | 634 ||| FLEEEEING.
   635 | D:2      | 635 ||| FLEEEEING.
   636 | D:2      | 636 ||| FLEEEEING.
   637 | D:2      | 637 ||| FLEEEEING.
   638 | D:2      | 638 ||| FLEEEEING.
   639 | D:2      | 639 ||| FLEEEEING.
   641 | D:2      | 641 ||| FLEEEEING.
   642 | D:2      | 642 ||| FLEEEEING.
   643 | D:2      | 643 ||| FLEEEEING.
   644 | D:2      | 644 ||| FLEEEEING.
   645 | D:2      | 645 ||| FLEEEEING.
   646 | D:2      | 646 ||| FLEEEEING.
   647 | D:2      | 647 ||| FLEEEEING.
   648 | D:2      | 648 ||| FLEEEEING.
   649 | D:2      | 649 ||| FLEEEEING.
   820 | D:2      | Reached XP level 4. HP: 28/28 MP: 5/5
   844 | D:2      | Noticed Robin
   863 | D:2      | Killed Robin
   863 | D:2      | HP: 7/28 [goblin/+0 club[Robin] (2)]
   864 | D:2      | Reached skill level 4 in Ranged Weapons
   865 | D:2      | HP: 3/28 [hobgoblin[Robin] (4)]
   865 | D:2      | Slain by a hobgoblin

Levels and vault maps discovered:
D:1:      moated_graveyard_arrival, layout_basic,
          ebering_ecumenical_altar_ruins, kennysheep_decorative_pillar
D:2:      layout_rooms, minmay_misc_feat_columns, minmay_quantized, uniq_robin

Skill      XL: |  1  2  3  4 |
---------------+-------------+-----
Ranged Weapons | 3 4 |  4.1
Fighting       | 2 |  2.0
Dodging        | |  1.5
Spellcasting   | |  1.0
Hexes          | |  2.6

Action                     |  1- 3 |  4- 6 || total
---------------------------+-------+-------++-------
   Fire: Sling             |   134 |    31 ||   165
    Use: Scroll            |     3 |       ||     3
         Potion            |     1 |       ||     1
 Armour: Robe              |    14 |     7 ||    21
  Dodge: Dodged            |    24 |    24 ||    48
  Block: Other             |     5 |    12 ||    17

Table legend:
 A = Non-vault XP
 B = Vault XP
 C = Vault XP percentage of total XP
 D = Non-vault monster count
 E = Vault monster count
 F = Vault count percentage of total count
                 A         B        C        D         E       F
            +---------+---------+-------+---------+---------+-------
      Total |      75 |      32 |  29.9 |      42 |       8 |  16.0
            +---------+---------+-------+---------+---------+-------
        D:1 |      44 |       0 |   0.0 |      27 |       0 |   0.0
        D:2 |      31 |      32 |  50.8 |      15 |       8 |  34.8
            +---------+---------+-------+---------+---------+-------
